 Dungeon Crawl Stone Soup version 0.19.5 (webtiles) character file.

123 devil0150 the Magician (level 4, -2/27 HPs)
             Began as a High Elf Wizard on Apr 10, 2017.
             Slain by a sky beast (6 damage)
             ... on level 3 of the Dungeon.
             The game lasted 00:12:04 (2884 turns).

devil0150 the Magician (High Elf Wizard)            Turns: 2884, Time: 00:12:05

Health: -2/27      AC:  3    Str:  6    XL:     4   Next: 80%
Magic:  6/12       EV: 13    Int: 22    God:
Gold:   69         SH:  0    Dex: 14    Spells: 5 memorised, 2 levels left

rFire  . . .     SeeInvis .     n - +1 dagger (protect)
rCold  . . .     Gourm    .     a - +1 robe
rNeg   . . .     Faith    .     (no shield)
rPois  .         Spirit   .     b - +0 hat
rElec  .         Reflect  .     (no cloak)
rCorr  .         Harm     .     (no gloves)
MR     .....                    (no boots)
Stlth  ++........               (no amulet)
                                (no ring)
                                (no ring)

@: no status effects
A: no striking features
a: no special abilities


You were on level 3 of the Dungeon.
You were not hungry.

You visited 1 branch of the dungeon, and saw 3 of its levels.

You collected 69 gold pieces.

Inventory:

Hand Weapons
 e - a +0 club
 g - a +0 short sword
 n - a +1 dagger of protection (weapon)
Armour
 a - a +1 robe (worn)
 b - a +0 hat (worn)
Jewellery
 j - an uncursed ring of ice {unknown}
 o - an uncursed ring of magical power {unknown}
Scrolls
 i - 2 scrolls of remove curse
Potions
 f - 2 potions of degeneration
 h - a potion of resistance
 k - 3 potions of curing {unknown}
 m - a potion of mutation {unknown}
 p - a potion of flight {unknown}
 r - a potion of cancellation {unknown}
Books
 c - a book of Minor Magic

   Spells                             Type                      Level
   a - Magic Dart                     Conjuration                  1
   b - Blink                          Translocation                2
   c - Call Imp                       Summoning                    2
   d - Repel Missiles                 Charms/Air                   2
   e - Slow                           Hexes                        2
   f - Conjure Flame                  Conjuration/Fire             3
   g - Mephitic Cloud                 Conjuration/Poison/Air       3
Comestibles
 d - 3 bread rations
 l - 4 chunks of flesh
 q - a meat ration


   Skills:
 + Level 2.5 Dodging
 + Level 2.6 Stealth
 + Level 5.3 Spellcasting
 + Level 2.7 Conjurations
 + Level 1.0 Summonings
 + Level 1.1 Translocations


You had 2 spell levels left.
You knew the following spells:

 Your Spells              Type           Power        Failure   Level  Hunger
a - Magic Dart            Conj           ###.         3%          1    None
b - Call Imp              Summ           ##......     12%         2    None
c - Conjure Flame         Conj/Fire      ##......     17%         3    ##.....
d - Mephitic Cloud        Conj/Pois/Air  #.......     21%         3    ##.....
e - Blink                 Tloc           N/A          12%         2    None


Dungeon Overview and Level Annotations

Branches:
Dungeon (3/15)

Altars:


Message History

The sky beast is moderately wounded.
The sky beast hits you. The sky beast shocks you.
You closely miss the sky beast.
The sky beast is moderately wounded.
The sky beast hits you. The sky beast shocks you.
* * * LOW HITPOINT WARNING * * *
You hit the sky beast but do no damage.
Your weapon exudes an aura of protection.
The sky beast is moderately wounded.
The sky beast hits you but does no damage.
The sky beast flickers out of sight!
Deactivating autopickup; reactivate with Ctrl-A.
A sky beast appears from thin air!
Reactivating autopickup.
The sky beast flickers out of sight!
Deactivating autopickup; reactivate with Ctrl-A.
Something hits you.
* * * LOW HITPOINT WARNING * * *
Something shocks you.
You die...

##..........#
............#
......##≈...#
............#
............#
......#.....#
......#.....#
##### #.#####
#@# #.# #.#
#.########
#.........
##########


There were no monsters in sight!

Vanquished Creatures
  A hound (D:3)
  2 adders
  2 oozes
  2 worms (D:3)
  3 dart slugs
  A leopard gecko (D:3)
  4 giant cockroaches
  8 hobgoblins
  A quokka (D:2)
  A ball python (D:2)
  6 bats
  2 frilled lizards
  4 goblins
  10 kobolds
  A leopard gecko zombie (D:3)
  9 rats
57 creatures vanquished.

Vanquished Creatures (collateral kills)
  A worm (D:2)
1 creature vanquished.

Grand Total: 58 creatures vanquished

Notes
Turn   | Place    | Note
-------+----------+-------------------------------------------
     0 | D:1      | devil0150 the High Elf Wizard began the quest for the Orb.
     0 | D:1      | Reached XP level 1. HP: 11/11 MP: 6/6
   243 | D:1      | Reached skill level 4 in Spellcasting
   256 | D:1      | Reached XP level 2. HP: 13/17 MP: 1/8
  1018 | D:2      | Learned a level 2 spell: Call Imp
  1330 | D:2      | Reached XP level 3. HP: 21/21 MP: 7/9
  2262 | D:3      | Reached skill level 1 in Summonings
  2374 | D:3      | Reached XP level 4. HP: 27/27 MP: 2/11
  2459 | D:3      | Reached skill level 5 in Spellcasting
  2671 | D:3      | Learned a level 3 spell: Conjure Flame
  2675 | D:3      | Learned a level 3 spell: Mephitic Cloud
  2678 | D:3      | Learned a level 2 spell: Blink
  2853 | D:3      | Noticed a sky beast
  2884 | D:3      | Slain by a sky beast

Skill      XL: |  1  2  3  4 |
---------------+-------------+-----
Spellcasting   | 4 5 |  5.3
Conjurations   | 2 |  2.7
Summonings     | 1 |  1.0
Dodging        | |  2.5
Stealth        | |  2.6
Translocations | |  1.1

Action                   |  1- 3 |  4- 6 || total
-------------------------+-------+-------++-------
Melee: Short sword       |     6 |       ||     6
       Dagger            |       |     8 ||     8
 Cast: Magic Dart        |   126 |    47 ||   173
       Call Imp          |     3 |       ||     3
  Use: Scroll            |     5 |     1 ||     6
  Eat: Chunk             |     4 |     2 ||     6
Armor: Robe              |     7 |     3 ||    10
Dodge: Dodged            |    25 |    11 ||    36
